AoeStats
← 739697286

Arena

507200256Analyzed
4v4 RM · 17d ago on Sep 17, 2026· 14m 32s· 8 players
Game mode
Random Map
Map size
Large (8 player)
Population
200
Speed
Normal
Resources
Standard
Victory
Conquest
Starting age
Dark Age
Ending age
Imperial Age
RankedLock teamsTeams togetherTeam positionsShared explorationLock speedFull tech treeHidden civsTurbo modeCheats
Victory
Defeat
🇧🇷 Bohemians · Brazil
1523
+15
🇨🇴 Saracens · Colombia
1486
+17
🇺🇸 Cumans · United States
1463
+18
🇺🇸 Armenians · United States
1398
+19
🇹🇼 Britons · Taiwan
1538
-19
🇮🇳 Bengalis · India
1520
-18
🇨🇳 Bohemians · China
1475
-16
🇨🇳 Celts · China
1474
-16
23
9:50 Feudal Age
14:18 Castle Age
12:16 Double-Bit Axe
12:24 Horse Collar
yenyang
6:52 Loom
13:15 Feudal Age
14:35 Double-Bit Axe
16:52 Castle Age
14:35 Horse Collar
Mick...
11:21 Feudal Age
14:59 Castle Age
14:05 Loom
739697286
10:58 Feudal Age
11:56 Double-Bit Axe
15:06 Castle Age
13:12 Horse Collar
josh2bnow
4:22 Loom
9:36 Feudal Age
9:39 Man-at-Arms
10:55 Man-at-Arms
2rich4u81
6:36 Loom
9:39 Feudal Age
10:50 Double-Bit Axe
Chigüiro
10:58 Feudal Age
16:08 Castle Age
Cadora
10:58 Feudal Age
15:23 Castle Age
14:05 Double-Bit Axe
14:34 Horse Collar
Connection lost

Rejoining the realm…

Still unreachable

The connection could not be restored.

Session expired

The server has moved on; the page needs a fresh start.